 Dungeon Crawl Stone Soup version 0.31-a0-472-g43a2ca8e1b (webtiles) character file.

Game seed: 16192669540173543040

125820 Tutankhamun the Marksspriggan (level 16, -3/89 HPs)
             Began as a Spriggan Brigand on Aug 5, 2023.
             Was the Champion of Okawaru.
             Slain by a +0 mace of venom (7 damage)
             ... on level 1 of the Elven Halls.
             The game lasted 00:48:22 (25391 turns).

Tutankhamun the Marksspriggan (Spriggan Brigand)   Turns: 25391, Time: 00:48:23

Health: -3/89      AC:  4    Str: 11    XL:     16   Next: 42%
Magic:  32/32      EV: 44    Int: 12    God:    Okawaru [******]
Gold:   1903       SH:  0    Dex: 31    Spells: 9/15 levels left

rFire   + . .        b - +8 arbalest of Okawaru's Regard {drain, Str+4}
rCold   . . .        (shield currently unavailable)
rNeg    . . .        Z - +1 robe of Wunej Bil {Rampage Regen+ Int-3 Slay+6}
rPois   .            S - +1 hat of the Pits of Slime {+Blink rF+}
rElec   .            g - scarf "Veteur" {repulsion, Str+2}
rCorr   .            (gloves unavailable)
SInv    +            (boots unavailable)
Will    ++...        J - amulet of regeneration
Stlth   +++++        B - ring of Herono {MP+9 EV+5}
HPRegen 0.00/turn    y - ring of the Evil One {Int+3 Dex+6}
MPRegen 0.23/turn

%: repel missiles, rampage
@: lethally poisoned (-3 -> -21), inhibited regen, very quick
A: very small, no large weapons, unfitting armour, see invisible, speed 3,
deterioration 1, screaming 2, inhibited regeneration, weak 1
a: Renounce Religion, Evoke Blink, Heroism, Finesse, Duel


You were on level 1 of the Elven Halls.
You worshipped Okawaru.
Okawaru was exalted by your worship.
You visited 5 branches of the dungeon, and saw 23 of its levels.

You collected 2127 gold pieces.
You spent 224 gold pieces at shops.

Inventory:

Hand Weapons
 a - the +8 short sword of Terra Cotta {flame, Dex+7}
   (You bought it in a shop on level 6 of the Dungeon)

   Dex:       It affects your dexterity (+7).
 b - the +8 arbalest of Okawaru's Regard (weapon) {drain, Str+4}
   (Okawaru gifted it to you on level 5 of the Lair of Beasts)

   Str:       It affects your strength (+4).
Missiles
 d - 23 poisoned darts
 H - 3 throwing nets
 U - a curare-tipped dart
Armour
 g - the scarf "Veteur" (worn) {repulsion, Str+2}
   (You acquired it on level 5 of the Dungeon)

   Str:       It affects your strength (+2).
 v - the +1 buckler of Good Intentions {rCorr}
   (Okawaru gifted it to you on level 14 of the Dungeon)

   rCorr:     It protects you from acid and corrosion.
 S - the +1 hat of the Pits of Slime (worn) {+Blink rF+}
   (Okawaru gifted it to you on level 11 of the Dungeon)

   rF:        It protects you from fire.
   +Blink:    It lets you blink.
 Z - the +1 robe of Wunej Bil (worn) {Rampage Regen+ Int-3 Slay+6}
   (You found it on level 3 of the Lair of Beasts)

   Int:       It affects your intelligence (-3).
   Slay:      It affects your accuracy & damage with ranged weapons and melee
   (+6).
   Regen:     It increases your rate of health regeneration.
   Rampage:   It bestows one free step when moving towards enemies.
Jewellery
 c - the ring of Elatuo Ginke {rF+ Will+ Int-5 Stlth+}
   (You found it on level 12 of the Dungeon)

   [ring of willpower]

   Int:       It affects your intelligence (-5).
   rF:        It protects you from fire.
   Will:      It increases your willpower.
   Stlth:     It makes you more stealthy.
 e - a ring of poison resistance
 p - a +4 ring of protection
 y - the ring of the Evil One (right hand) {Int+3 Dex+6}
   (You found it on level 1 of the Orcish Mines)

   [ring of dexterity]

   Int:       It affects your intelligence (+3).
   Dex:       It affects your dexterity (+6).
 B - the ring of Herono (left hand) {MP+9 EV+5}
   (You found it on level 1 of the Orcish Mines)

   [ring of evasion]

   EV:        It affects your evasion (+5).
   MP:        It affects your magic capacity (+9).
 J - an amulet of regeneration (around neck)
 O - an amulet of faith
Wands
 E - a wand of iceblast (8)
 R - a wand of digging (6)
 X - a wand of polymorph (18)
Scrolls
 h - 4 scrolls of blinking
 i - 5 scrolls of enchant armour
 j - 6 scrolls of revelation
 k - 2 scrolls of fear
 l - 6 scrolls of fog
 n - 3 scrolls of enchant weapon
 o - 3 scrolls of immolation
 s - a scroll of amnesia
 D - 5 scrolls of teleportation
 F - a scroll of silence
 N - 3 scrolls of poison
 Q - 5 scrolls of torment
Potions
 m - 2 potions of attraction
 q - 8 potions of curing
 r - a potion of ambrosia
 t - 2 potions of heal wounds
 u - 7 potions of might
 w - a potion of lignification
 x - 5 potions of brilliance
 z - 3 potions of enlightenment
 A - 5 potions of mutation
 C - 2 potions of magic {unknown}
 G - a potion of experience {unknown}
 I - a potion of invisibility
 P - 2 potions of cancellation
 V - 2 potions of haste
Miscellaneous
 f - a lightning rod (4/4)


   Skills:
 + Level 12.3 Fighting
 - Level 12.9 Short Blades
 - Level 18.2 Ranged Weapons
 - Level 2.0 Throwing
 - Level 15.8 Dodging
 - Level 10.0 Stealth
 - Level 8.7 Invocations


You had 9 spell levels left.
You knew the following spells:

 Your Spells              Type           Power      Damage    Failure   Level
a - Confusing Touch       Hex            0%         N/A       69%         3
b - Vampiric Draining     Necr           0%         2d6       69%         3

Your spell library contained the following spells:

 Spells                   Type           Power      Damage    Failure   Level
 Foxfire                  Conj/Fire      0%         2x1d4     32%         1
 Slow                     Hex            0%         N/A       32%         1
 Blink                    Tloc           0%         N/A       45%         2
 Ensorcelled Hibernation  Hex/Ice        0%         N/A       45%         2
 Lesser Beckoning         Tloc           0%         N/A       45%         2
 Momentum Strike          Conj/Tloc      0%         3d8       45%         2
 Sublimation of Blood     Necr           0%         N/A       45%         2
 Dazzling Flash           Conj/Hex       0%         N/A       69%         3
 Inner Flame              Hex/Fire       0%         N/A       69%         3
 Portal Projectile        Hex/Tloc       0%         N/A       69%         3
 Stone Arrow              Conj/Erth      0%         3d7       69%         3
 Vhi's Electric Charge    Tloc/Air       0%         N/A       69%         3
 Volatile Blastmotes      Fire/Tloc      0%         2d10      69%         3
 Flame Wave               Conj/Fire      0%         2d4       97%         4
 Leda's Liquefaction      Hex/Erth       0%         N/A       97%         4
 Passage of Golubria      Tloc           0%         N/A       97%         4
 Petrify                  Tmut/Erth      0%         N/A       97%         4
 Sticky Flame             Conj/Fire      0%         2d3       97%         4
 Arcjolt                  Conj/Air       0%         1d10      100%        5
 Fireball                 Conj/Fire      0%         3d3       100%        5
 Irradiate                Conj/Tmut      0%         3d11      100%        5
 Iskenderun's Battlesphe  Conj           0%         2d6       100%        5
 Lee's Rapid Deconstruct  Erth           0%         3d4*      100%        5
 Metabolic Englaciation   Hex/Ice        0%         N/A       100%        5
 Yara's Violent Unravell  Hex/Tmut       0%         3d3       100%        5
 Conjure Ball Lightning   Conj/Air       0%         3x3d6     100%        6
 Plasma Beam              Fire/Air       0%         2x1d10    100%        6
 Starburst                Conj/Fire      0%         6d3       100%        6
 Orb of Destruction       Conj           0%         9d5       100%        7
 Lehudib's Crystal Spear  Conj/Erth      0%         10d2      100%        8
 Maxwell's Capacitive Co  Air            0%         ∞         100%        8
 Call Canine Familiar     Summ           Unusable   N/A       N/A         3
 Tukima's Dance           Hex            Unusable   N/A       N/A         3
 Animate Armour           Summ/Erth      Unusable   N/A       N/A         4
 Summon Lightning Spire   Summ/Air       Unusable   N/A       N/A         4

Dungeon Overview and Level Annotations

Branches:
Dungeon (14/15)            Temple (1/1) D:6            Lair (5/5) D:9
  Swamp (0/4) Lair:2       Spider (0/4) Lair:3        Slime (0/5) Lair:5
    Orc (2/2) D:11            Elf (1/3) Orc:2
 Vaults: D:13-14

Altars:
Ashenzari
Cheibriados
Dithmenos
Elyvilon
Fedhas
Gozag
Hepliaklqana
Kikubaaqudgha
Makhleb
Nemelex Xobeh
Okawaru
Qazlal
Ru
Sif Muna
Trog
Uskayaw
Vehumet
Wu Jian
Xom
Yredelemnul
Zin
The Shining One

Shops:
D:4 !   D:5 [   D:6 *[!([   Orc:1 (   Orc:2 **(=((   Elf:1 ?

Portals:
Pandemonium: Orc:2


Innate Abilities, Weirdness & Mutations

You are very small and have problems with some larger weapons.
You are too small for most types of armour.
You have supernaturally acute eyesight. (SInv)
You cover ground extremely quickly. (Speed+++)
Your body sometimes deteriorates upon taking damage.
You frequently scream uncontrollably at your foes.
You do not regenerate when monsters are visible.
You are weak. (Str -2)


Message History

You shoot a bolt.
The bolt hits the deep elf zephyrmancer!
The deep elf zephyrmancer is moderately wounded.
The air elemental fires a burst of electricity at you.
The stunning burst misses you.
The deep elf zephyrmancer completely misses you.
The air elemental completely misses you.
You shoot a bolt.
The bolt hits the deep elf zephyrmancer!!
You kill the deep elf zephyrmancer!
Okawaru accepts your kill.
The air elemental fires a burst of electricity at you.
The stunning burst misses you.
The air elemental completely misses you.
The air elemental misses you.
You shoot a bolt.
The bolt hits the deep elf zephyrmancer!!!
You kill the deep elf zephyrmancer!
Okawaru accepts your kill.
The air elemental completely misses you.
A +0 mace of venom comes into view.
The air elemental hits you but does no damage.
You feel a genetic drift.
You feel a strong urge to scream.
You no longer feel a malignance within.
The air elemental fires a burst of electricity at you.
The stunning burst hits you!!
You suddenly lose the ability to move!
The air elemental hits you. The air elemental hits you!
* * * LOW HITPOINT WARNING * * *
The +0 mace of venom hits you!
* * * LOW HITPOINT WARNING * * *
You are lethally poisoned!
You can move again.
You feel better.
The air elemental completely misses you.
The +0 mace of venom hits you!
* * * LOW HITPOINT WARNING * * *
You are lethally poisoned!
The air elemental completely misses you.
The +0 mace of venom hits you!
You die...

#.####### #..#####.#####.#
........# #........§§.§§^.
+####.#.###..#####.##.##§#
#...#....# #§# .
###...##.# ..# ..e
#.####.# ##.# #..#
#)####.# #.# #.[)#.E.##..
[.. [').)))#@##.# #.
##...#...(..# #..#
#.#.##.# ... #...# # ..
#.... ...... #......
......##


You could see an air elemental and a +0 mace of venom.

Vanquished Creatures
  Kirke (D:13)
  The ghost of Kiciri the Eclecticist, a journeyman DjWr of Makhleb (D:12)
  A deep elf annihilator (Elf:1)
  3 minotaurs
  2 dire elephants
  An ettin (Orc:1)
  An ice dragon (Lair:5)
  A demonspawn (Orc:2)
  Erolcha (D:13)
  3 vault guards (D:14)
  5 hydras
  3 catoblepae
  Erica (D:9)
  2 ogre magi (D:14)
  The ghost of Kuwn the Slicer, a journeyman HuDe of Makhleb (Orc:1)
  2 centaur warriors (D:14)
  6 boulder beetles
  3 dancing weapons (Elf:1)
  13 death yaks
  5 orc high priests (Orc:2)
  Urug (Lair:4)
  3 tengu warriors
  A sun demon (Orc:2)
  Nergalle (Lair:2)
  A deep elf knight (Elf:1)
  6 skeletal warriors (D:13)
  A pharaoh ant (Lair:3)
  A flayed ghost (D:14)
  10 deep elf pyromancers
  A phantasmal warrior (D:12)
  2 deep elf archers (Elf:1)
  5 orc knights
  5 lindwurms
  8 deep elf zephyrmancers (Elf:1)
  8 ugly things
  A cyclops (D:14)
  A will-o-the-wisp (Lair:2)
  8 orc sorcerers (Orc:2)
  3 manticores
  22 elephants
  Joseph (D:7)
  5 black mambas
  Maggie (D:8)
  6 torpor snails
  A gargoyle (D:12)
  A kobold demonologist (D:10)
  11 cane toads
  5 freezing wraiths (D:12)
  3 rime drakes
  An ice devil (Orc:2)
  7 komodo dragons
  10 yaktaurs
  A tengu conjurer (D:13)
  7 trolls
  4 tyrant leeches (Lair:5)
  Prince Ribbit (D:6)
  A polar bear (Lair:1)
  16 blink frogs
  8 hornets
  15 dream sheep
  2 jumping spiders (Lair:3)
  20 slime creatures
  2 air elementals (Elf:1)
  2 wraiths
  2 vampires
  9 spriggans
  Sigmund (D:5)
  59 yaks
  A culicivora (shapeshifter) (D:14)
  6 wyverns
  A fire elemental (Elf:1)
  A vampire mosquito (D:14)
  6 hogs (D:13)
  A redback (Lair:3)
  3 basilisks
  A human (D:14)
  3 neqoxecs (Orc:1)
  3 wargs
  Menkaure (D:5)
  2 steam dragons
  A chaos spawn (Orc:2)
  Edmund (D:6)
  15 water moccasins
  An acid dragon (D:9)
  Duvessa (D:5)
  3 black bears
  35 orc warriors
  2 ice beasts
  5 centaurs
  9 ogres
  14 wolves
  2 kobold brigands (D:8)
  4 scorpions
  A bullfrog (shapeshifter) (D:13)
  11 bullfrogs
  A gnoll sergeant (D:11)
  2 wights (D:6)
  Dowan (D:5)
  3 killer bees (D:9)
  3 electric eels (D:13)
  7 howler monkeys
  A jelly (D:6)
  3 quasits (Orc:1)
  A gnoll bouda (D:7)
  A hound (D:7)
  24 orc priests
  Jessica (D:3)
  A sleepcap (D:5)
  5 iguanas
  18 orc wizards
  Robin (D:1)
  26 gnolls
  6 adders
  A white imp (D:6)
  4 worms
  2 dart slugs (D:4)
  87 orcs
  6 ball pythons
  A bat (D:1)
  6 endoplasms
  8 giant cockroaches
  17 goblins
  8 hobgoblins
  5 jackals (D:1)
  14 kobolds
  5 quokkas
  3 training dummies (Orc:2)
  3 frilled lizards
  4 rats
760 creatures vanquished.

Vanquished Creatures (others)
  A deep elf pyromancer (Elf:1)
  10 foxfires (Lair:2)
11 creatures vanquished.

Grand Total: 771 creatures vanquished

Notes
Turn   | Place    | Note
-------+----------+-------------------------------------------
     0 | D:1      | Tutankhamun the Spriggan Brigand began the quest for the
                  | Orb.
     0 | D:1      | Reached XP level 1. HP: 10/10 MP: 2/2
   200 | D:1      | Reached XP level 2. HP: 11/14 MP: 3/3
   882 | D:2      | Reached XP level 3. HP: 18/18 MP: 4/4
  1071 | D:2      | Noticed Robin
  1274 | D:1      | Killed Robin
  1402 | D:2      | Found a faded altar of an unknown god.
  1491 | D:2      | Reached XP level 4. HP: 22/22 MP: 5/5
  1866 | D:3      | Noticed Jessica
  1877 | D:3      | Killed Jessica
  1878 | D:3      | Reached skill level 5 in Dodging
  2279 | D:3      | Reached XP level 5. HP: 25/25 MP: 6/6
  2499 | D:4      | Noticed an ogre
  2534 | D:4      | Killed an ogre
  2787 | D:4      | Found Ninarur's Distillery.
  2918 | D:4      | Reached XP level 6. HP: 27/30 MP: 7/7
  3308 | D:5      | Entered Level 5 of the Dungeon
  3352 | D:5      | Noticed an ice beast
  3353 | D:5      | Noticed a water moccasin
  3445 | D:5      | Killed a water moccasin
  3446 | D:5      | Reached skill level 5 in Short Blades
  3549 | D:5      | HP: 1/30 [ice beast (13)]
  3572 | D:5      | Killed an ice beast
  3853 | D:5      | Reached XP level 7. HP: 33/33 MP: 8/8
  4201 | D:5      | Noticed Duvessa
  4202 | D:5      | Noticed Dowan
  4240 | D:5      | Killed Duvessa
  4247 | D:5      | Killed Dowan
  4363 | D:5      | Noticed Menkaure
  4532 | D:5      | Noticed Sigmund
  4560 | D:5      | Killed Sigmund
  4561 | D:5      | Reached XP level 8. HP: 37/37 MP: 9/9
  5107 | D:5      | Killed Menkaure
  5319 | D:6      | Found Fuomiq's Armour Shop.
  5319 | D:6      | Found Qynleh's Antique Weapon Emporium.
  5641 | D:5      | Identified a scroll of acquirement
  5641 | D:5      | Acquired the scarf "Veteur" {repulsion, Str+2}
  5809 | D:6      | Found a staircase to the Ecumenical Temple.
  5812 | D:6      | Reached skill level 10 in Dodging
  5912 | Temple   | Entered the Ecumenical Temple
  5966 | Temple   | Became a worshipper of Warmaster Okawaru
  6019 | D:6      | Found Ziyxa's Distillery.
  6026 | D:6      | Identified the +1 leather armour of Woirphi {Fly Int+2}
  6049 | D:6      | Found Cah Himu's Armour Boutique.
  6104 | D:6      | Found Bentusan's Assorted Antiques.
  6455 | D:6      | Found a broken altar of Ashenzari.
  7166 | D:6      | Noticed Edmund
  7204 | D:6      | Killed Edmund
  7304 | D:6      | Noticed Prince Ribbit
  7361 | D:6      | HP: 1/34 [Prince Ribbit (8)]
  7630 | D:6      | Killed Prince Ribbit
  7631 | D:6      | Reached XP level 9. HP: 23/41 MP: 10/10
  7860 | D:6      | Bought a pitted short sword for 224 gold pieces
  7860 | D:6      | Identified the +8 short sword of Terra Cotta {flame, Dex+7}
                  | (You bought it in a shop on level 6 of the Dungeon)
  8060 | D:7      | Noticed Joseph
  8076 | D:7      | Killed Joseph
  8421 | D:7      | Reached * piety under Okawaru
  8580 | D:7      | Reached skill level 10 in Short Blades
  8825 | D:7      | Found a shadowy altar of Dithmenos.
  9249 | D:8      | Reached ** piety under Okawaru
  9390 | D:8      | Noticed Maggie
  9402 | D:8      | Killed Maggie
  9403 | D:8      | Reached XP level 10. HP: 49/49 MP: 11/11
  9465 | D:8      | Reached *** piety under Okawaru
 10059 | D:9      | Reached skill level 5 in Fighting
 10141 | D:9      | Reached **** piety under Okawaru
 10174 | D:9      | Noticed Erica
 10196 | D:9      | Killed Erica
 10196 | D:9      | Received a gift from Okawaru
 10336 | D:9      | Found a staircase to the Lair.
 10447 | D:10     | Entered Level 10 of the Dungeon
 10550 | D:10     | Reached ***** piety under Okawaru
 10567 | D:10     | Reached skill level 10 in Stealth
 10567 | D:10     | Reached XP level 11. HP: 53/58 MP: 12/12
 11197 | D:11     | Reached skill level 1 in Invocations
 11262 | D:11     | Found a staircase to the Orcish Mines.
 11538 | D:11     | Noticed a brown ugly thing
 11547 | D:11     | Identified the +1 hat of the Pits of Slime {+Blink rF+}
                  | (Okawaru gifted it to you on level 11 of the Dungeon)
 11547 | D:11     | Received a gift from Okawaru
 11564 | D:11     | Killed a brown ugly thing
 12111 | Lair:1   | Entered Level 1 of the Lair of Beasts
 12126 | Lair:1   | Reached skill level 1 in Ranged Weapons
 12131 | Lair:1   | Reached skill level 2 in Ranged Weapons
 12340 | Lair:1   | Reached skill level 3 in Ranged Weapons
 12360 | Lair:1   | Reached skill level 4 in Ranged Weapons
 12742 | Lair:1   | Reached skill level 5 in Ranged Weapons
 12997 | Lair:1   | Reached skill level 6 in Ranged Weapons
 13112 | Lair:1   | Reached skill level 7 in Ranged Weapons
 13573 | Lair:1   | Reached skill level 8 in Ranged Weapons
 13621 | Lair:1   | Received a gift from Okawaru
 13622 | Lair:1   | Reached XP level 12. HP: 47/63 MP: 15/15
 13987 | Lair:2   | Found a staircase to the Swamp.
 14181 | Lair:2   | Reached skill level 9 in Ranged Weapons
 14399 | Lair:2   | Noticed Nergalle
 14414 | Lair:2   | Killed Nergalle
 14736 | Lair:2   | Reached skill level 10 in Ranged Weapons
 14860 | Lair:2   | Found a runed translucent door.
 15224 | Lair:2   | Noticed a minotaur
 15309 | Lair:2   | Killed a minotaur
 15326 | Lair:2   | Learned a level 3 spell: Confusing Touch
 15330 | Lair:2   | Learned a level 3 spell: Vampiric Draining
 16315 | Lair:3   | Identified the +1 robe of Wunej Bil {Rampage Regen+ Int-3
                  | Slay+6}
 16501 | Lair:3   | Found a hole to the Spider Nest.
 16602 | Lair:3   | Reached skill level 15 in Dodging
 16690 | Lair:3   | Received a gift from Okawaru
 16943 | Lair:4   | Noticed Urug
 16949 | Lair:4   | Killed Urug
 16949 | Lair:4   | Reached ****** piety under Okawaru
 16984 | Lair:4   | Noticed a death yak
 16985 | Lair:4   | Noticed a death yak
 16986 | Lair:4   | Noticed a death yak
 16986 | Lair:4   | Noticed a death yak
 16988 | Lair:4   | Noticed a death yak
 16994 | Lair:4   | HP: 1/64 [death yak (19)]
 16997 | Lair:4   | Noticed a death yak
 17011 | Lair:4   | Killed a death yak
 17018 | Lair:4   | Killed a death yak
 17055 | Lair:4   | Killed a death yak
 17119 | Lair:4   | Reached XP level 13. HP: 69/69 MP: 16/16
 17196 | Lair:4   | Reached skill level 5 in Invocations
 17598 | Lair:4   | Identified the +0 animal skin "Aqimya" {Rampage +Blink
                  | Stlth+} (Okawaru gifted it to you on level 4 of the Lair of
                  | Beasts)
 17598 | Lair:4   | Received a gift from Okawaru
 18173 | Lair:4   | Noticed a dire elephant
 18245 | Lair:4   | Killed a dire elephant
 18254 | Lair:4   | Reached skill level 10 in Fighting
 18409 | Lair:5   | Entered Level 5 of the Lair of Beasts
 18746 | Lair:5   | Found a runed translucent door.
 18752 | Lair:5   | Identified the +8 arbalest of Okawaru's Regard {drain,
                  | Str+4} (Okawaru gifted it to you on level 5 of the Lair of
                  | Beasts)
 18752 | Lair:5   | Received a gift from Okawaru
 18889 | Lair:5   | Reached XP level 14. HP: 55/77 MP: 21/21
 19054 | Lair:5   | Reached skill level 11 in Ranged Weapons
 19288 | Lair:5   | Identified the +2 robe "Yxkirghue" {+Inv rC+++ Dex-4}
                  | (Okawaru gifted it to you on level 5 of the Lair of Beasts)
 19288 | Lair:5   | Received a gift from Okawaru
 19300 | Lair:5   | Reached skill level 12 in Ranged Weapons
 19400 | Lair:5   | Found a staircase to the Slime Pits.
 19785 | Lair:5   | Reached skill level 13 in Ranged Weapons
 20991 | D:12     | Reached skill level 14 in Ranged Weapons
 21081 | D:12     | Found a runed translucent gate.
 21081 | D:12     | Found a runed translucent gate.
 21081 | D:12     | Found a runed translucent gate.
 21086 | D:12     | Noticed Kiciri's ghost (journeyman DjWr)
 21479 | D:12     | Killed Kiciri's ghost
 21479 | D:12     | Identified the +1 arbalest "With Two Names" {drain, Will+}
                  | (Okawaru gifted it to you on level 12 of the Dungeon)
 21479 | D:12     | Received a gift from Okawaru
 21493 | D:12     | Identified the ring of Elatuo Ginke {rF+ Will+ Int-5
                  | Stlth+}
 21987 | D:13     | Reached skill level 15 in Ranged Weapons
 22083 | D:13     | Reached XP level 15. HP: 72/80 MP: 22/22
 22173 | D:13     | Identified the +11 rapier of the Lumpy Coins {drain, rElec
                  | rF+ Will+ Str+3} (Okawaru gifted it to you on level 13 of
                  | the Dungeon)
 22173 | D:13     | Received a gift from Okawaru
 22187 | D:13     | Reached skill level 16 in Ranged Weapons
 22188 | D:13     | Noticed Erolcha
 22200 | D:13     | Killed Erolcha
 22399 | D:13     | Noticed Kirke
 22405 | D:13     | Noticed a sphinx
 22413 | D:13     | Noticed a sphinx
 22417 | D:13     | Killed Kirke
 22583 | D:13     | Got the Compendium of Igneous Bad Luck
 23110 | D:14     | Identified the +1 buckler of Good Intentions {rCorr}
                  | (Okawaru gifted it to you on level 14 of the Dungeon)
 23110 | D:14     | Received a gift from Okawaru
 23111 | D:14     | Reached skill level 17 in Ranged Weapons
 23353 | D:14     | Reached skill level 18 in Ranged Weapons
 23506 | Orc:1    | Entered Level 1 of the Orcish Mines
 23506 | Orc:1    | Found Lifroruj's Weapon Boutique.
 23536 | Orc:1    | Found a transporter.
 23541 | Orc:1    | Noticed Kuwn's ghost (journeyman HuDe)
 23634 | Orc:1    | Found a transporter.
 24061 | Orc:1    | Gained mutation: You have hidden genetic defects. [a
                  | neqoxec]
 24066 | Orc:1    | Gained mutation: Your body sometimes deteriorates upon
                  | taking damage. [a neqoxec]
 24075 | Orc:1    | Killed Kuwn's ghost
 24075 | Orc:1    | Gained mutation: You occasionally shout uncontrollably at
                  | your foes. [a neqoxec]
 24080 | Orc:1    | Gained mutation: You are weak. (Str -2) [a neqoxec]
 24088 | Orc:1    | Got the ring of the Evil One {Int+3 Dex+6}
 24089 | Orc:1    | Identified the ring of Herono {MP+9 EV+5}
 24173 | Orc:2    | Entered Level 2 of the Orcish Mines
 24173 | Orc:2    | Found a staircase to the Elven Halls.
 24384 | Orc:2    | Found Piolaixt's Firing Range.
 24426 | Orc:2    | Found Folyogg's Weapon Shop.
 24515 | Orc:2    | Found Siaph's General Store.
 24560 | Orc:2    | Found Nittueqi's General Store.
 24668 | Orc:2    | Received a gift from Okawaru
 24717 | Orc:2    | Reached XP level 16. HP: 74/86 MP: 23/23
 24864 | Orc:2    | Identified the +7 rapier "Baff" {drain, rN+} (Okawaru
                  | gifted it to you on level 2 of the Orcish Mines)
 24864 | Orc:2    | Received a gift from Okawaru
 24880 | Orc:2    | Gained mutation: You do not regenerate when monsters are
                  | visible. [hidden defects]
 24946 | Orc:2    | Found Egublok's Antique Weapon Emporium.
 24946 | Orc:2    | Found a one-way gate leading to the halls of Pandemonium.
 24946 | Orc:2    | Found Mumud's Jewellery Shoppe.
 25004 | Elf:1    | Entered Level 1 of the Elven Halls
 25218 | Elf:1    | Found Sageen's Magic Scroll Emporium.
 25377 | Elf:1    | Received a gift from Okawaru
 25388 | Elf:1    | Gained mutation: You frequently scream uncontrollably at
                  | your foes. [hidden defects]
 25388 | Elf:1    | Lost mutation: You have hidden genetic defects. [hidden
                  | defects expressed]
 25389 | Elf:1    | Paralysed by an air elemental for 1 turns
 25391 | Elf:1    | HP: 4/89 [+0 mace of venom (13)]
 25391 | Elf:1    | Slain by a +0 mace of venom

Illustrated notes

Levels and vault maps discovered:
D:1:      giann_bridges, layout_basic, st_stairs_11, dk_noncrumbling_3,
          minmay_circled_x
D:2:      layout_basic, shapermc_ecumenical_altar_mp_vishouse,
          kennysheep_cluttered_room, uniq_robin
D:3:      layout_loops_cross, uniq_jessica
D:4:      layout_loops_ring, serial_shops, shop
D:5:      layout_basic, kennysheep_generic_room_5, uniq_sigmund, uniq_menkaure,
          uniq_duvessa
D:6:      layout_basic, marbit_many_paths, minmay_temple_entry_tees,
          serial_shops, shop, nicolae_shop_waterfront, shop, kennysheep_mini,
          shop, uniq_edmund, uniq_prince_ribbit1
D:7:      layout_loops_corners, nicolae_dithmenos_through_a_glass_darkly,
          uniq_joseph
D:8:      layout_gridville, uniq_maggie
D:9:      layout_loops_ring, grunt_lair_entry_orc_guard_hut, uniq_erica
D:10:     layout_loops_ring
D:11:     layout_gridville, erik_orc_3, nicolae_concentric_dashed_squares_mild
D:12:     layout_rooms, gauntlet_entry_generic, gammafunk_ghost_spectres
D:13:     fort_yaktaur, layout_loops_corners, kennysheep_generic_room_3,
          uniq_kirke, uniq_erolcha
D:14:     nzn_winding_woodlands_stair_cross [nzn_winding_woodlands_5x15_parted,
          nzn_winding_woodlands_center_triple_pond,
          nzn_winding_woodlands_5x15_sidewinder,
          nzn_winding_woodlands_hourglass,
          nzn_winding_woodlands_5x5_checkerboard,
          nzn_winding_woodlands_5x15_default,
          nzn_winding_woodlands_center_pierced_h,
          nzn_winding_woodlands_5x15_lazy_stream], layout_rooms,
          grunt_vaults_entry_fortified, chequers_arboretum
Temple:   nicolae_temple_slightly_damp_pantheon
Lair:1:   kb_forest_paths, layout_gridlike, minmay_stone_trees_medium
Lair:2:   dreamdust_labyrinth, layout_regular_city, minmay_swamp_entry_wisps,
          infiniplex_staircase_pool_2, uniq_nergalle
Lair:3:   layout_big_grid, nicolae_spider_entry_lesser_pyramids,
          beast_lair_carwin_3, lemuel_fruit_tree
Lair:4:   mu_elephants_graveyard, layout_loops_ring, uniq_urug
Lair:5:   wormcave, layout_layer_cave, hangedman_lair_in_review, slime_entry_1,
          grunt_megastairs_3
Orc:1:    layout_diamond_mine, serial_shops, shop, gammafunk_ghost_stat_death,
          nicolae_shop_self_help
Orc:2:    pf_orc_diabolical, layout_caves, serial_shops, shop,
          nicolae_shop_firing_range
Elf:1:    eino_elf_arrival_sip, layout_gridlike,
          portal_desolation_entry_nicolae_forbidding_blocks, serial_shops, shop,
          minmay_elf_annihilation, grunt_megastairs_4

Skill      XL: |  1  2  3  4  5  6  7  8  9 10 11 12 13 14 15 16 |
---------------+-------------------------------------------------+-----
Dodging        | 2 3 4 5 6 7 9 11 15 | 15.8
Short Blades   | 3 4 5 7 8 11 12 | 12.9
Fighting       | 3 6 7 8 10 12 | 12.3
Stealth        | 10 | 10.0
Invocations    | 3 8 |  8.7
Ranged Weapons | 8 10 15 18 | 18.2
Throwing       | |  2.0

Action                     |  1- 3 |  4- 6 |  7- 9 | 10-12 | 13-15 | 16-18 || total
---------------------------+-------+-------+-------+-------+-------+-------++-------
  Melee: Dagger            |   116 |   226 |   449 |       |       |       ||   791
         Punch             |     1 |     5 |     9 |    12 |     7 |       ||    34
         Short sword       |       |       |   126 |   734 |   425 |       ||  1285
   Fire: Sling             |       |       |       |   158 |    86 |       ||   244
         Arbalest          |       |       |       |       |   844 |   128 ||   972
  Throw: Dart              |    12 |    38 |    64 |    17 |     2 |       ||   133
 Invoke: Heroism           |       |       |       |     2 |     2 |       ||     4
         Finesse           |       |       |       |     1 |     1 |       ||     2
Ability: Evoke Blink       |       |       |       |     1 |       |       ||     1
  Evoke: Wand              |       |       |       |     7 |       |       ||     7
    Use: Scroll            |       |       |    11 |     8 |    13 |       ||    32
         Potion            |       |       |       |     2 |       |     1 ||     3
   Stab: Sleeping          |    11 |    13 |    13 |     8 |     2 |       ||    47
         Distracted        |       |       |     2 |     3 |     1 |       ||     6
 Armour: Robe              |    15 |    46 |    46 |     2 |    60 |     2 ||   171
         Steam dragon scal |       |       |       |    35 |       |       ||    35
  Dodge: Dodged            |    81 |   137 |   346 |   568 |   911 |    59 ||  2102
         Repelled          |       |       |     1 |       |     7 |     2 ||    10

Table legend: (Time is in decaauts)
 A = Elapsed time spent in this place.
 B = Non-inter-level travel time spent in this place.
 C = Inter-level travel time spent in this place.
 D = Time resting spent in this place.
 E = Time spent auto-exploring this place.
 F = Levels seen in this place.
 G = Mean time per level.
                   A        B        C        D        E       F      G
               +--------+--------+--------+--------+--------+-----+--------+
         Total |  18465 |  17787 |    678 |   4857 |   7926 |  23 |  802.8 |
       Dungeon |  10441 |  10010 |    431 |   2498 |   4618 |  14 |  745.8 |
        Temple |    347 |    334 |     13 |    296 |      0 |   1 |  347.0 |
          Lair |   6280 |   6079 |    201 |   1874 |   2614 |   5 | 1256.0 |
  Orcish Mines |   1113 |   1081 |     32 |    188 |    506 |   2 |  556.5 |
   Elven Halls |    283 |    283 |      0 |      0 |    186 |   1 |  283.0 |
               +--------+--------+--------+--------+--------+-----+--------+

Top non-repeatable levels by time:
  Lair:1: 1743 daAuts
  Lair:5: 1609 daAuts
     D:5: 1587 daAuts
     D:6: 1249 daAuts
    D:13: 1204 daAuts
  Lair:2: 1195 daAuts
     D:4: 1077 daAuts
  Lair:4: 998 daAuts
    D:11: 836 daAuts
     D:7: 754 daAuts
     D:1: 741 daAuts
  Lair:3: 733 daAuts
   Orc:2: 584 daAuts
     D:3: 549 daAuts
   Orc:1: 528 daAuts
